 Dungeon Crawl Stone Soup version 0.22.1-1-ga44c0e5 (webtiles) character file.

155 Tr0llz0r the Twirler (level 5, -1/43 HPs)
             Began as a Gnoll Wanderer on Nov 5, 2018.
             Slain by a gnoll
             ... wielding a +0 halberd
              (6 damage)
             ... on level 3 of the Dungeon.
             The game lasted 00:14:10 (3314 turns).

Tr0llz0r the Twirler (Gnoll Wanderer)               Turns: 3314, Time: 00:14:11

Health: -1/43      AC:  9    Str: 12 (13) XL:     5   Next: 37%
Magic:  7/7        EV:  5    Int: 12 (14) God:
Gold:   130        SH:  0    Dex: 14 (17) Spells: 6/6 levels left

rFire    . . .     SeeInvis .   e - +0 hand axe
rCold    . . .     Gourm    .   (no shield)
rNeg     . . .     Faith    .   n - +0 chain mail
rPois    .         Spirit   .   (no helmet)
rElec    .         Reflect  .   (no cloak)
rCorr    .         Harm     .   (no gloves)
MR       .....                  m - +0 pair of boots
Stlth    ..........             u - amulet of rage
HPRegen  0.14/turn              (no ring)
MPRegen  0.10/turn              (no ring)

@: no status effects
A: distributed training, fangs 1, strong nose
a: Evoke Berserk Rage


You were on level 3 of the Dungeon.
You were not hungry.

You visited 1 branch of the dungeon, and saw 3 of its levels.

You collected 130 gold pieces.

Inventory:

Hand Weapons
 d - a +0 dagger
 e - a +0 hand axe (weapon)
 l - a +0 whip
 q - a +0 mace
 s - a cursed -2 dagger
 t - a +0 quarterstaff
Missiles
 i - 10 tomahawks (quivered)
 o - 28 sling bullets
 r - 62 stones
 v - 2 large rocks
Armour
 a - a +0 ring mail
 c - a +0 robe
 g - a +0 scale mail
 k - a +1 ring mail of cold resistance
 m - a +0 pair of boots (worn)
 n - a +0 chain mail (worn)
Jewellery
 u - an amulet of rage (around neck)
Wands
 j - a wand of flame (17)
Scrolls
 h - 2 scrolls of identify
 p - a scroll of remove curse
Potions
 b - 3 potions of lignification
Comestibles
 f - 4 rations


   Skills:
 + Level 4.7 Fighting
 + Level 1.4 Short Blades
 + Level 1.4 Long Blades
 + Level 1.4 Axes
 + Level 1.4 Maces & Flails
 + Level 1.4 Polearms
 + Level 4.7 Staves
 + Level 1.4 Slings
 + Level 1.4 Bows
 + Level 1.4 Crossbows
 + Level 2.9 Throwing
 + Level 1.4 Armour
 + Level 1.4 Dodging
 + Level 4.4 Stealth
 + Level 1.4 Shields
 + Level 1.4 Unarmed Combat
 + Level 1.4 Spellcasting
 + Level 1.1 Conjurations
 + Level 1.1 Hexes
 + Level 1.1 Charms
 + Level 1.1 Summonings
 + Level 2.3 Necromancy
 + Level 1.1 Translocations
 + Level 1.1 Transmutations
 + Level 1.1 Fire Magic
 + Level 1.1 Ice Magic
 + Level 3.9 Air Magic
 + Level 1.1 Earth Magic
 + Level 1.1 Poison Magic
 + Level 1.6 Invocations
 + Level 1.4 Evocations


You had 6 spell levels left.
You didn't know any spells.
Your spell library contained the following spells:

 Spells                   Type           Power        Failure   Level  Hunger
 Animate Skeleton         Necr           N/A          99%         1    ##.....
 Pain                     Necr           #...         99%         1    ##.....
 Regeneration             Chrm/Necr      #.........   100%        3    ####...
 Vampiric Draining        Necr           #.........   100%        3    ####...
 Animate Dead             Necr           N/A          100%        4    #####..


Dungeon Overview and Level Annotations

Branches:
Dungeon (3/15)

Altars:
Gozag
Trog
Vehumet

Annotations:
D:3 2 transporters, yogakurto's ghost, weakling DgSu


Innate Abilities, Weirdness & Mutations

Your experience applies equally to all skills.
You have very sharp teeth.
Your uncanny sense of smell can sniff out nearby items.


Message History

The gnoll is severely wounded.
The gnoll hits you with a halberd.
You hit the gnoll but do no damage.
The gnoll is severely wounded.
The gnoll hits you but does no damage.
Your chain mail prevents you from hitting the gnoll.
The gnoll is severely wounded.
The gnoll hits you with a halberd.
* * * LOW HITPOINT WARNING * * *
You completely miss the gnoll.
The gnoll is severely wounded.
The gnoll barely misses you.
Your chain mail prevents you from hitting the gnoll.
The gnoll is severely wounded.
The gnoll hits you with a halberd.
* * * LOW HITPOINT WARNING * * *
You hit the gnoll but do no damage.
The gnoll is severely wounded.
The gnoll hits you with a halberd.
You die...

#........##.###.### #.#..#.#..
#........#.##.....## .#..##...##
#..........#.8...8.#..#©....)$WO
#####...##.#.......#[###########
######.#.##....._.....#.....©.©..
.......#....#.......#.######...##
....#########.8...8.# #####..##
.##.# ##.....## #.......# ##.####
####@### ###.#.#.# #.....# #.##g#
####.#.#.. ##....# #.##g. ∆
#....#.##. #...†# #.####$
#.##...#.. #....######.####..
#.###.###. ####.....##....# ##
#.###.# #. #####.##..#.#
#.##÷.###. #.........#.#####
#.##...... #.###.#...#.#...#
#....#####


You could see 2 gnolls.

Vanquished Creatures
  Jessica (D:2)
  Ijyb (D:3)
  3 adders
  An ooze (D:2)
  A worm (D:2)
  4 dart slugs
  3 leopard geckos
  An orc (D:3)
  A ball python (D:2)
  2 giant cockroaches (D:1)
  8 goblins
  4 hobgoblins
  5 jackals (D:1)
  6 kobolds
  5 bats
  2 frilled lizards (D:1)
  11 rats
59 creatures vanquished.

Notes
Turn   | Place    | Note
-------+----------+-------------------------------------------
     0 | D:1      | Tr0llz0r the Gnoll Wanderer began the quest for the Orb.
     0 | D:1      | Tr0llz0r set off with: 2 potions of lignification, a +0
                  | robe, a +0 dagger, a ration
     0 | D:1      | Reached XP level 1. HP: 20/20 MP: 1/1
   255 | D:1      | Reached XP level 2. HP: 10/26 MP: 2/2
   964 | D:1      | Reached XP level 3. HP: 18/31 MP: 3/3
  1359 | D:2      | Reached skill level 1 in Invocations
  1375 | D:2      | Reached skill level 1 in Short Blades
  1375 | D:2      | Reached skill level 1 in Long Blades
  1375 | D:2      | Reached skill level 1 in Axes
  1375 | D:2      | Reached skill level 1 in Maces & Flails
  1375 | D:2      | Reached skill level 1 in Polearms
  1375 | D:2      | Reached skill level 1 in Slings
  1375 | D:2      | Reached skill level 1 in Bows
  1375 | D:2      | Reached skill level 1 in Crossbows
  1375 | D:2      | Reached skill level 1 in Armour
  1375 | D:2      | Reached skill level 1 in Dodging
  1375 | D:2      | Reached skill level 1 in Shields
  1375 | D:2      | Reached skill level 1 in Unarmed Combat
  1375 | D:2      | Reached skill level 1 in Spellcasting
  1375 | D:2      | Reached skill level 1 in Evocations
  1414 | D:2      | Found a bloodstained altar of Trog.
  1515 | D:2      | Reached XP level 4. HP: 36/38 MP: 5/5
  1974 | D:2      | Found a radiant altar of Vehumet.
  2243 | D:2      | Noticed Jessica
  2281 | D:2      | Killed Jessica
  2281 | D:2      | Reached skill level 1 in Conjurations
  2281 | D:2      | Reached skill level 1 in Hexes
  2281 | D:2      | Reached skill level 1 in Charms
  2281 | D:2      | Reached skill level 1 in Summonings
  2281 | D:2      | Reached skill level 1 in Translocations
  2281 | D:2      | Reached skill level 1 in Transmutations
  2281 | D:2      | Reached skill level 1 in Fire Magic
  2281 | D:2      | Reached skill level 1 in Ice Magic
  2281 | D:2      | Reached skill level 1 in Earth Magic
  2281 | D:2      | Reached skill level 1 in Poison Magic
  2765 | D:3      | Reached XP level 5. HP: 42/43 MP: 6/6
  2768 | D:3      | Found a transporter.
  2771 | D:3      | Noticed yogakurto's ghost (weakling DgSu)
  2771 | D:3      | Noticed an ogre
  2772 | D:3      | Noticed an ogre
  2773 | D:3      | Found a transporter.
  2773 | D:3      | Noticed an ogre
  2843 | D:3      | Noticed Ijyb
  2879 | D:3      | Killed Ijyb
  3286 | D:3      | Found an opulent altar of Gozag.
  3314 | D:3      | Slain by a gnoll

Skill      XL: |  1  2  3  4 |
---------------+-------------+-----
Necromancy     | 2 |  2.3
Invocations    | 1 |  1.6
Short Blades   | 1 |  1.4
Long Blades    | 1 |  1.4
Axes           | 1 |  1.4
Maces & Flails | 1 |  1.4
Polearms       | 1 |  1.4
Slings         | 1 |  1.4
Bows           | 1 |  1.4
Crossbows      | 1 |  1.4
Armour         | 1 |  1.4
Dodging        | 1 |  1.4
Shields        | 1 |  1.4
Unarmed Combat | 1 |  1.4
Spellcasting   | 1 |  1.4
Evocations     | 1 |  1.4
Conjurations   | 1 |  1.1
Hexes          | 1 |  1.1
Charms         | 1 |  1.1
Summonings     | 1 |  1.1
Translocations | 1 |  1.1
Transmutations | 1 |  1.1
Fire Magic     | 1 |  1.1
Ice Magic      | 1 |  1.1
Earth Magic    | 1 |  1.1
Poison Magic   | 1 |  1.1
Fighting       | |  4.7
Staves         | |  4.7
Throwing       | |  2.9
Stealth        | |  4.4
Air Magic      | |  3.9

Action                   |  1- 3 |  4- 6 || total
-------------------------+-------+-------++-------
Melee: Dagger            |    44 |       ||    44
       Bite              |     9 |    14 ||    23
       Hand axe          |    77 |   148 ||   225
Throw: Tomahawk          |     2 |     1 ||     3
  Use: Scroll            |     5 |     2 ||     7
       Potion            |     3 |     5 ||     8
  Eat: Ration            |     1 |     2 ||     3
Armor: Scale mail        |   114 |     3 ||   117
       Robe              |     1 |       ||     1
       Ring mail         |     1 |       ||     1
       Chain mail        |       |    82 ||    82
       Skin              |       |     3 ||     3
Dodge: Dodged            |   124 |    58 ||   182
